 Dungeon Crawl Stone Soup version 0.18.1-50-g88ac8fd (webtiles) character file.

5579 Firecrotchwizard the Cleaver (level 10, 0/93 HPs)
             Began as a Minotaur Berserker on Feb 10, 2017.
             Was a High Priest of Trog.
             Slain by a flayed ghost (17 damage)
             ... on level 9 of the Dungeon.
             The game lasted 00:17:54 (7768 turns).

Firecrotchwizard the Cleaver (Minotaur Berserker)   Turns: 7768, Time: 00:17:55

Health: 0/93       AC: 19    Str: 25    XL:     10   Next: 44%
Magic:  9/9        EV: 10    Int:  4    God:    Trog [*****.]
Gold:   1269       SH:  0    Dex: 12    Spells: 0 memorised, 9 levels left

rFire  . . .     SeeInvis .     g - +1 hand axe (chop)
rCold  . . .     Gourm    .     C - +0 plate armour
rNeg   . . .     Faith    .     (no shield)
rPois  .         Spirit   .     (helmet restricted)
rElec  .         Dismiss  .     D - +0 cloak
rCorr  .         Reflect  .     k - +0 pair of gloves
SustAt .         Harm     .     a - +2 pair of boots
MR     .....                    n - amulet of regeneration
Stlth  ..........               (no ring)
                                z - +2 ring of strength

@: flayed, not resistant to hostile enchantments, extremely unstealthy
A: retaliatory headbutt, horns 2
a: Berserk, Trog's Hand, Brothers in Arms, Burn Spellbooks, Renounce Religion


You were on level 9 of the Dungeon.
You worshipped Trog.
Trog was extremely pleased with you.
You were not hungry.

You visited 1 branch of the dungeon, and saw 9 of its levels.

You collected 1269 gold pieces.

Inventory:

Hand Weapons
 g - a +1 hand axe of chopping (weapon)
Missiles
 p - 6 javelins (quivered)
 w - 2 javelins of penetration
Armour
 a - a +2 pair of boots (worn)
 k - a +0 pair of gloves (worn)
 y - a +0 chain mail
 A - a +0 large shield
 C - a +0 plate armour (worn)
 D - a +0 cloak (worn)
Jewellery
 e - an uncursed ring of ice
 n - an amulet of regeneration (around neck)
 v - an uncursed ring of fire
 z - a +2 ring of strength (left hand)
Wands
 b - a wand of confusion (26/48)
 H - a wand of polymorph (11/24)
Scrolls
 d - 3 scrolls of recharging
 f - 2 scrolls of magic mapping
 h - 3 scrolls of identify
 l - 4 scrolls of remove curse
 o - a scroll of blinking {unknown}
 s - 2 scrolls of teleportation
 t - 2 scrolls of enchant armour {unknown}
 u - a scroll of fog
 B - 3 scrolls of enchant weapon
Potions
 i - 2 potions of invisibility
 j - a potion of cancellation {unknown}
 m - 3 potions of might
 q - a potion of heal wounds {unknown}
 E - a potion of curing {unknown}
 G - a potion of berserk rage {unknown}
Comestibles
 c - 7 bread rations
 r - 6 beef jerkies
 x - 3 fruits


   Skills:
 * Level 10.2 Fighting
 * Level 10.7 Axes
 + Level 5.7 Throwing
 + Level 7.4 Armour
 + Level 7.2 Dodging


You had 9 spell levels left.
You didn't know any spells.

Dungeon Overview and Level Annotations

Branches:
Dungeon (9/15)             Temple (0/1) D:7            Lair (0/8) D:9
    Orc: D:9-12

Altars:
Ashenzari
Elyvilon
Gozag
Kikubaaqudgha
Okawaru
Ru
Sif Muna
Vehumet
Zin


Innate Abilities, Weirdness & Mutations

You reflexively headbutt those who attack you in melee.
You have a pair of horns on your head.


Message History

There is an open door, spattered with blood here.
The flayed ghost hits you!
You closely miss the flayed ghost.
The flayed ghost stares at you with tortured malice.
You closely miss the flayed ghost.
The flayed ghost hits you but does no damage.
You slash the flayed ghost!
The flayed ghost is moderately damaged.
You hit the flayed ghost but do no damage.
You headbutt the flayed ghost!
The flayed ghost is heavily damaged.
The flayed ghost hits you!
You completely miss the flayed ghost. You headbutt the flayed ghost!
The flayed ghost is severely damaged.
The flayed ghost hits you!
* * * LOW HITPOINT WARNING * * *
You closely miss the flayed ghost.
The flayed ghost is severely damaged.
The flayed ghost hits you!
You die...

#.....###..##.......##..###.....#
#.._...†..^.+..._...+....†...⌠..#
#.....###..##.......##..###.....#
##...##.##..###...###..##†##...##
#####.!.'#..###'###..#'...######
#...###.........###._.#####.
#...###†##8.8##'# #...##....
##.###...##'## ..###.###.##.
####..⌠..#@# _..#### #)#..
##...##W# ..## #.#.. #####|}| ###
#.#.. ##### #.#.. #.#.. #####.#..
#.#...#.. #.#.##... #####'#.....#


You could see a flayed ghost.

Vanquished Creatures
  A hill giant (D:8)
  The ghost of CPP the Covert, a novice SpAs of Okawaru (D:8)
  A two-headed ogre (D:9)
  4 wraiths (D:9)
  A shadow (D:9)
  A hungry ghost (D:9)
  Eustachio (D:6)
  A soldier ant (D:5)
  3 ice beasts
  A black bear (D:8)
  An orc warrior (D:9)
  3 sky beasts
  2 phantoms
  A necrophage (D:9)
  The ghost of simplebreeze the Skirmisher, an amateur OpWn (D:4)
  5 centaurs
  4 ogres
  Blork the orc (D:5)
  5 scorpions
  4 killer bees (D:9)
  3 howler monkeys
  A centaur zombie (D:6)
  A giant frog zombie (D:5)
  5 hounds
  4 orc priests
  Crazy Yiuf (D:6)
  3 giant frog skeletons
  A jelly (D:6)
  4 orc wizards
  6 worker ants
  A hound skeleton (D:3)
  8 adders
  2 shadow imps
  3 oozes (D:1)
  2 adder zombies
  An adder skeleton (D:8)
  5 worms
  The ghost of sooooooooo the Skirmisher, a weakling MiWn (D:3)
  4 dart slugs
  A giant gecko (D:8)
  21 orcs
  2 ball pythons
  15 bats
  9 giant cockroaches
  3 hobgoblins
  4 jackals
  4 quokkas
  A giant gecko skeleton (D:4)
  4 giant newts
  4 goblins
  A jackal skeleton (D:5)
  3 kobolds
  13 rats
183 creatures vanquished.

Vanquished Creatures (others)
  2 plants (D:5)
2 creatures vanquished.

Grand Total: 185 creatures vanquished

Notes
Turn   | Place    | Note
--------------------------------------------------------------
     0 | D:1      | Firecrotchwizard the Minotaur Berserker began the quest for the Orb.
     0 | D:1      | Reached XP level 1. HP: 19/19 MP: 0/0
     1 | D:1      | Found a runed door.
   297 | D:1      | Reached XP level 2. HP: 27/27 MP: 1/1
   324 | D:1      | Reached XP level 3. HP: 22/33 MP: 2/2
   325 | D:1      | Reached ** piety under Trog
  1292 | D:2      | Reached XP level 4. HP: 40/40 MP: 3/3
  2028 | D:3      | Noticed sooooooooo's ghost (weakling MiWn)
  2041 | D:3      | Killed sooooooooo's ghost
  2150 | D:3      | Found an opulent altar of Gozag.
  2435 | D:3      | Reached *** piety under Trog
  2791 | D:4      | Reached skill level 5 in Axes
  2791 | D:4      | Reached skill level 1 in Throwing
  2791 | D:4      | Reached XP level 5. HP: 22/47 MP: 4/4
  2880 | D:4      | Noticed simplebreeze's ghost (amateur OpWn)
  2890 | D:4      | Reached skill level 5 in Fighting
  2894 | D:4      | Killed simplebreeze's ghost
  2894 | D:4      | Reached XP level 6. HP: 40/56 MP: 5/5
  3095 | D:4      | Received a gift from Trog
  3294 | D:4      | Reached XP level 7. HP: 42/63 MP: 6/6
  3550 | D:5      | Entered Level 5 of the Dungeon
  3615 | D:5      | Noticed Blork the orc
  3626 | D:5      | Killed Blork the orc
  3852 | D:5      | Reached XP level 8. HP: 70/71 MP: 7/7
  4393 | D:6      | Noticed Eustachio
  4410 | D:6      | Reached skill level 5 in Armour
  4415 | D:6      | Killed Eustachio
  4415 | D:6      | Reached skill level 5 in Dodging
  4445 | D:6      | Reached **** piety under Trog
  4609 | D:6      | You fall through a shaft!
  4609 | D:7      | Found a shattered altar of Ashenzari.
  4921 | D:6      | Found a radiant altar of Vehumet.
  4921 | D:6      | Found an ancient bone altar of Kikubaaqudgha.
  5083 | D:6      | Noticed Crazy Yiuf
  5088 | D:6      | Killed Crazy Yiuf
  5186 | D:7      | Identified a scroll of acquirement
  5200 | D:7      | Reached XP level 9. HP: 59/81 MP: 8/8
  5412 | D:7      | Found a staircase to the Ecumenical Temple.
  6096 | D:8      | Noticed CPP's ghost (novice SpAs)
  6120 | D:8      | Killed CPP's ghost
  6274 | D:8      | Noticed a hill giant
  6284 | D:8      | Killed a hill giant
  6489 | D:8      | Reached skill level 5 in Throwing
  6930 | D:9      | Reached skill level 10 in Axes
  6930 | D:9      | Reached XP level 10. HP: 70/91 MP: 9/9
  7339 | D:9      | Found a staircase to the Lair.
  7481 | D:9      | Reached ***** piety under Trog
  7537 | D:9      | Found a glowing silver altar of Zin.
  7546 | D:9      | Found a runed door.
  7555 | D:9      | Found a sacrificial altar of Ru.
  7585 | D:9      | Reached skill level 10 in Fighting
  7598 | D:9      | Found a deep blue altar of Sif Muna.
  7646 | D:9      | Found a radiant altar of Vehumet.
  7713 | D:9      | Found an iron altar of Okawaru.
  7756 | D:9      | Found a white marble altar of Elyvilon.
  7760 | D:9      | Noticed a flayed ghost
  7768 | D:9      | Slain by a flayed ghost

Skill      XL: |  1  2  3  4  5  6  7  8  9 10 |
---------------+-------------------------------+-----
Axes           | 4 5 6 7 8 10 | 10.7
Fighting       | 4 5 6 8 9 10 | 10.2
Dodging        | 3 4 5 6 7 |  7.2
Armour         | 3 4 5 7 |  7.4
Throwing       | 1 2 3 5 |  5.7

Action                   |  1- 3 |  4- 6 |  7- 9 | 10-12 || total
-------------------------+-------+-------+-------+-------++-------
Melee: Hand axe          |    80 |   133 |   302 |   130 ||   645
       Headbutt          |    13 |    24 |    65 |    34 ||   136
Throw: Javelin           |       |    12 |     7 |       ||    19
Invok: Berserk           |       |     1 |       |       ||     1
       Trog's Hand       |       |       |     2 |       ||     2
  Use: Scroll            |       |       |    13 |       ||    13
  Eat: Chunk             |     1 |     6 |     5 |     4 ||    16
       Pizza             |       |     1 |       |       ||     1
       Meat ration       |       |       |     1 |       ||     1
       Royal jelly       |       |       |     1 |       ||     1
Armor: Animal skin       |    15 |    16 |     4 |       ||    35
       Chain mail        |       |       |   136 |       ||   136
       Plate armour      |       |       |     2 |    52 ||    54
Dodge: Dodged            |    38 |    64 |   139 |    46 ||   287
